 Dungeon Crawl Stone Soup version 0.32-a0-350-g4f4d228785 (webtiles) character file.

Game seed: 9027121600935425814

831 jasper the Cleaver (level 7, -5/64 HPs)
             Began as a Mountain Dwarf Cinder Acolyte on Feb 17, 2024.
             Was a High Priest of Ignis.
             Slain by a hornet (9 damage)
             ... while paralysed by a hornet
             ... on level 5 of the Dungeon.
             The game lasted 00:06:02 (3331 turns).

jasper the Cleaver (Mountain Dwarf Cinder Acolyte)  Turns: 3331, Time: 00:06:03

Health: -5/64      AC: 17    Str: 22    XL:     7   Next: 65%
Magic:  8/8        EV:  2    Int: 15    God:    Ignis [*****.]
Gold:   2132       SH:  0    Dex:  5    Spells: 8/8 levels left

rFire   + . .        l - +1 battleaxe (venom)
rCold   . . .        (shield currently unavailable)
rNeg    . . .        x - +3 ring mail of Pessimism {Str+4}
rPois   .            g - +0 hat
rElec   .            (no cloak)
rCorr   +            (no gloves)
SInv    .            m - +1 pair of boots
Will    .....        d - amulet of regeneration Stlth
                     L - ring of resist corrosion
HPRegen 1.10/turn    (no ring)
MPRegen 0.11/turn

%: no passive effects
@: paralysed, lethally poisoned (-5 -> -5), fiery-armoured, slowed
A: runic magic, artefact enchanting
a: Renounce Religion, Fiery Armour, Foxfire Swarm, Rising Flame


You were on level 5 of the Dungeon.
You worshipped Ignis.
Ignis was extremely pleased with you.
You visited 1 branch of the dungeon, and saw 5 of its levels.

You collected 3069 gold pieces.
You spent 937 gold pieces at shops.

Inventory:

Hand Weapons
 a - a -1 hand axe of flaming
 f - a +0 sling
 l - a +1 battleaxe of venom (weapon)
 w - a +0 hand axe of flaming
 z - a +0 falchion
 I - a +0 morningstar
Missiles
 c - 30 stones (quivered)
 A - 3 boomerangs
Armour
 b - a +0 robe
 e - a +0 chain mail
 g - a +0 hat (worn)
 m - a +1 pair of boots (worn)
 x - the +3 ring mail of Pessimism (worn) {Str+4}
   (You found it on level 3 of the Dungeon)

   Str+4:     It affects your strength (+4).
Jewellery
 d - an amulet of regeneration (around neck)
 h - a +6 ring of intelligence
 p - an amulet of reflection
 L - a ring of resist corrosion (left hand)
Wands
 r - a wand of polymorph (16)
 s - a wand of mindburst (29)
 D - a wand of charming (8)
Scrolls
 j - 3 scrolls of poison
 k - a scroll of immolation
 n - 2 scrolls of teleportation
 o - 2 scrolls of enchant armour
 t - a scroll of torment
 u - 2 scrolls of blinking
 v - 4 scrolls of fear
 y - 3 scrolls of amnesia {unknown}
 C - 2 scrolls of enchant weapon {unknown}
 K - 2 scrolls of fog {unknown}
Potions
 i - a potion of magic
 q - a potion of brilliance
 B - 3 potions of enlightenment
 E - a potion of heal wounds
 F - 2 potions of curing
 G - a potion of berserk rage
 H - a potion of mutation
 M - 2 potions of might {unknown}
Miscellaneous
 J - a lightning rod (4/4)


   Skills:
 + Level 6.4 Fighting
 * Level 9.2 Axes
 - Level 1.0 Spellcasting
 - Level 3.6 Fire Magic


You had 8 spell levels left.
You didn't know any spells.
Your spell library contained the following spells:

 Spells                   Type           Power      Damage    Failure   Level
 Scorch                   Fire           22%        2d5       10%         2


Dungeon Overview and Level Annotations

Branches:
Dungeon (5/15)
 Temple: D:4-7

Altars:
Ashenzari

Shops:
D:1 :?   D:5 *


Innate Abilities, Weirdness & Mutations

Your spellcasting is much less encumbered by armour.
You can use scrolls of enchantment on lesser artefacts.


Message History

The hornet stings you but does no damage.
The hornet is burned by your cloak of flames.
The hornet is heavily wounded.
You take 20 damage, and have 12/64 hp.
MASSIVE DAMAGE!!
Unknown command.
Unknown command.
Unknown command.
You feel much better.
You feel very sick. The hornet barely misses you.
The orc warrior hits you with a +0 battleaxe!
The hornet stings you!
You feel as though you will be slow longer.
The hornet is burned by your cloak of flames.
The hornet is heavily wounded.
The orc warrior hits you with a +0 battleaxe!
* * * LOW HITPOINT WARNING * * *
The orc warrior is burned by your cloak of flames.
The orc warrior is lightly wounded.
You take 5 damage, and have 7/64 hp.
You feel much better.
You feel sick. The hornet stings you.
You suddenly lose the ability to move!
The hornet is burned by your cloak of flames.
The hornet is severely wounded.
The hornet stings you but does no damage.
The hornet is burned by your cloak of flames.
The hornet is severely wounded.
The orc warrior hits you with a +0 battleaxe!
* * * LOW HITPOINT WARNING * * *
You feel sick.
The hornet stings you but does no damage.
The hornet is burned by your cloak of flames.
The hornet is almost dead.
The orc warrior hits you with a +0 battleaxe.
* * * LOW HITPOINT WARNING * * *
The orc warrior is burned by your cloak of flames.
The orc warrior is lightly wounded.
The hornet stings you!
You die...
Ignis goes out, and joins you in death.

# .....##.........##
$......##...##....#
........###.#.#...##
.........##...#....###
..........#..........#
..........#........### ##
..♣.......#.......##.# ##.
♣........o.......##.#####..
♣...[....y@................
..♣.......#.......|.........
..........##.#..............
..........####..............
.........### ##.....#.......
........##.####.....##......
....$..##..#.##.....###...[.
#
......##....................
##
....##....##....####.......


You could see a hornet and an orc warrior.

Vanquished Creatures
  Prince Ribbit (D:5)
  A phantom (D:5)
  A scorpion (D:4)
  A bombardier beetle (D:4)
  A jelly (D:4)
  An orc priest (D:4)
  2 hounds (D:5)
  A sleepcap (D:5)
  2 orc wizards
  An iguana (D:5)
  8 adders
  2 dart slugs
  A ribbon worm (D:3)
  17 orcs
  7 bats
  6 endoplasms
  4 giant cockroaches
  6 goblins
  13 hobgoblins
  2 jackals (D:5)
  6 kobolds
  A quokka (D:3)
  2 training dummies (D:4)
  7 ball pythons
  3 frilled lizards
  2 rats
99 creatures vanquished.

Notes
Turn   | Place    | Note
-------+----------+-------------------------------------------
     0 | D:1      | jasper the Mountain Dwarf Cinder Acolyte began the quest
                  | for the Orb.
     0 | D:1      | Reached XP level 1. HP: 19/19 MP: 2/2
    54 | D:1      | Reached skill level 4 in Axes
    54 | D:1      | Reached XP level 2. HP: 23/26 MP: 3/3
   617 | D:1      | Found Loulos's Book Emporium.
   638 | D:1      | Found Lumev's Magic Scroll Emporium.
   963 | D:2      | Reached XP level 3. HP: 33/33 MP: 4/4
  1222 | D:2      | Reached skill level 5 in Axes
  1337 | D:2      | Reached XP level 4. HP: 40/40 MP: 5/5
  1633 | D:2      | Identified 3 scrolls of acquirement
  1633 | D:2      | Acquired 985 gold pieces
  1636 | D:2      | Acquired 1160 gold pieces
  1638 | D:2      | Acquired a +1 battleaxe of venom
  1691 | D:1      | Bought a scroll of teleportation for 33 gold pieces
  1691 | D:1      | Bought a scroll of torment for 104 gold pieces
  1691 | D:1      | Bought a scroll of blinking for 82 gold pieces
  1691 | D:1      | Bought a scroll of poison for 44 gold pieces
  1691 | D:1      | Bought a scroll of poison for 44 gold pieces
  1691 | D:1      | Bought a scroll of fear for 44 gold pieces
  1691 | D:1      | Bought a scroll of identify for 22 gold pieces
  1691 | D:1      | Bought a scroll of identify for 22 gold pieces
  1691 | D:1      | Bought a scroll of identify for 22 gold pieces
  1795 | D:3      | Identified the +3 ring mail of Pessimism {Str+4}
  2048 | D:3      | Reached XP level 5. HP: 44/47 MP: 6/6
  2089 | D:3      | Reached skill level 6 in Axes
  2133 | D:3      | Found a broken altar of Ashenzari.
  2626 | D:4      | Acquired 656 gold pieces
  2645 | D:4      | Reached skill level 5 in Fighting
  2645 | D:4      | Reached skill level 7 in Axes
  2645 | D:4      | Reached XP level 6. HP: 46/56 MP: 7/7
  2962 | D:5      | Entered Level 5 of the Dungeon
  3033 | D:5      | Noticed Prince Ribbit
  3044 | D:5      | Killed Prince Ribbit
  3045 | D:5      | Reached skill level 8 in Axes
  3045 | D:5      | Reached XP level 7. HP: 63/63 MP: 8/8
  3200 | D:5      | Reached skill level 9 in Axes
  3250 | D:5      | Found Esicuj's Elemental Accessories.
  3258 | D:5      | Bought a lightning rod (4/4) for 520 gold pieces
  3317 | D:5      | Noticed a hornet
  3325 | D:5      | Paralysed by a hornet for 3 turns
  3330 | D:5      | Paralysed by a hornet for 3 turns
  3331 | D:5      | Slain by a hornet

Illustrated notes

Levels and vault maps discovered:
D:1:      eino_arrival_water_star, layout_loops_ring, serial_shops, shop, shop,
          nrook_mini_backslash
D:2:      layout_basic
D:3:      layout_loops_ring, cheibrodos_ashenzari_chains, grunt_ministairs_12,
          minmay_misc_feat_room, kennysheep_generic_room_15
D:4:      dreamdust_elfheim, layout_rooms, serial_glass, glass_columns_b,
          glass_columns_a
D:5:      kennysheep_big_flooded_room, layout_cave_pools,
          nicolae_elemental_shop, nicolae_the_louvre, uniq_prince_ribbit1

Skill      XL: |  1  2  3  4  5  6  7 |
---------------+----------------------+-----
Axes           | 4 5 7 8 9 |  9.2
Fighting       | 4 5 6 |  6.4
Spellcasting   | |  1.0
Fire Magic     | |  3.6

Action                     |  1- 3 |  4- 6 |  7- 9 || total
---------------------------+-------+-------+-------++-------
  Melee: Hand axe          |    88 |     1 |       ||    89
         Battleaxe         |       |   118 |    48 ||   166
  Throw: Stone             |     1 |       |       ||     1
 Invoke: Fiery Armour      |       |     1 |     1 ||     2
    Use: Scroll            |     6 |    13 |       ||    19
         Potion            |       |       |     2 ||     2
 Armour: Robe              |     8 |       |       ||     8
         Chain mail        |    55 |    12 |       ||    67
         Ring mail         |       |   110 |    66 ||   176
  Dodge: Dodged            |    37 |    92 |    26 ||   155

Table legend: (Time is in decaauts)
 A = Elapsed time spent in this place.
 B = Non-inter-level travel time spent in this place.
 C = Inter-level travel time spent in this place.
 D = Time resting spent in this place.
 E = Time spent auto-exploring this place.
 F = Levels seen in this place.
 G = Mean time per level.
                   A        B        C        D        E       F      G
               +--------+--------+--------+--------+--------+-----+--------+
         Total |   3401 |   3259 |    142 |    105 |   2309 |   5 |  680.2 |
       Dungeon |   3401 |   3259 |    142 |    105 |   2309 |   5 |  680.2 |
               +--------+--------+--------+--------+--------+-----+--------+

Top non-repeatable levels by time:
     D:1: 1029 daAuts
     D:3: 802 daAuts
     D:2: 719 daAuts
     D:4: 461 daAuts
     D:5: 388 daAuts
